 Dungeon Crawl Stone Soup version 0.31-a0-339-gda1cbd555d (webtiles) character file.

Game seed: 3689386819424809010

1742 arthad the Cudgeller (level 9, -4/56 HPs)
             Began as a Gargoyle Fighter on July 21, 2023.
             Killed from afar by an orc wizard (8 damage)
             ... with a puff of flame
             ... on level 6 of the Dungeon.
             The game lasted 00:09:29 (4110 turns).

arthad the Cudgeller (Gargoyle Fighter)             Turns: 4110, Time: 00:09:29

Health: -4/56      AC: 14    Str: 30    XL:     9   Next: 5%
Magic:  9/9        EV: 11    Int: 15    God:
Gold:   89         SH:  5    Dex:  9    Spells: 8/8 levels left

rFire   . . .        s - +7 mace of Launif {speed, rCorr Stlth+}
rCold   . . .        c - +0 buckler
rNeg    + . .        w - +0 steam dragon scales
rPois   ∞            (no helmet)
rElec   +            (no cloak)
rCorr   +            p - +0 pair of gloves
SInv    .            (no boots)
Will    .....        (no amulet)
Stlth   ++           B - +6 ring of strength
HPRegen 0.29/turn    J - +6 ring of intelligence
MPRegen 0.11/turn

%: no passive effects
@: mighty
A: sickness immunity, AC +6, negative energy resistance 1, electricity
resistance, torment resistance 1, petrification resistance
a: no special abilities


You were on level 6 of the Dungeon.
You visited 1 branch of the dungeon, and saw 6 of its levels.
You also visited: Sewer.

You collected 263 gold pieces.
You spent 174 gold pieces at shops.

Inventory:

Hand Weapons
 a - a +0 flail
 q - a +0 whip of electrocution
 s - the +7 mace of Launif (weapon) {speed, rCorr Stlth+}
   (You found it on level 3 of the Dungeon)

   rCorr:     It protects you from acid and corrosion.
   Stlth:     It makes you more stealthy.
Missiles
 F - 4 poisoned darts
 G - a curare-tipped dart
Armour
 b - a +0 scale mail
 c - a +0 buckler (worn)
 p - a +0 pair of gloves (worn)
 w - +0 steam dragon scales (worn)
 D - a +1 ring mail of positive energy
Jewellery
 B - a +6 ring of strength (left hand)
 J - a +6 ring of intelligence (right hand)
Wands
 d - a wand of polymorph (11)
 x - a wand of mindburst (15)
 I - a wand of flame (34)
Scrolls
 e - 4 scrolls of teleportation
 f - 4 scrolls of identify
 g - 2 scrolls of immolation
 j - a scroll of noise
 m - a scroll of revelation
 o - a scroll of butterflies {unknown}
 r - 4 scrolls of silence {unknown}
 t - a scroll of enchant armour {unknown}
 u - a scroll of poison {unknown}
 y - 2 scrolls of fog {unknown}
 C - a scroll of amnesia {unknown}
 E - 2 scrolls of fear {unknown}
Potions
 h - a potion of lignification {unknown}
 i - a potion of attraction {unknown}
 k - a potion of enlightenment {unknown}
 n - 2 potions of brilliance {unknown}
 v - 3 potions of haste {unknown}
 z - 2 potions of might
 A - a potion of mutation {unknown}
 H - a potion of resistance {unknown}
 K - a potion of magic {unknown}
 L - a potion of cancellation {unknown}


   Skills:
 + Level 6.5 Fighting
 * Level 7.0 Maces & Flails
 + Level 6.6 Armour
 + Level 6.6 Shields


You had 8 spell levels left.
You didn't know any spells.
Your spell library contained the following spells:

 Spells                   Type           Power      Damage    Failure   Level
 Apportation              Tloc           0%         N/A       30%         1
 Magic Dart               Conj           0%         1d3       30%         1
 Call Canine Familiar     Summ           0%         N/A       65%         3
 Portal Projectile        Hex/Tloc       0%         N/A       65%         3
 Leda's Liquefaction      Hex/Erth       0%         N/A       96%         4
 Sticky Flame             Conj/Fire      0%         2d3       96%         4
 Alistair's Intoxication  Tmut/Pois      0%         N/A       100%        5
 Iskenderun's Battlesphe  Conj           0%         2d6       100%        5
 Lehudib's Crystal Spear  Conj/Erth      0%         10d2      100%        8


Dungeon Overview and Level Annotations

Branches:
Dungeon (6/15)              Sewer (visited)
 Temple: D:4-7

Altars:
Cheibriados

Shops:
D:5 *   D:6 [


Innate Abilities, Weirdness & Mutations

You are immune to sickness and miasma.
Your stone body is resilient. (AC +6)
You are immune to poison.
You resist negative energy. (rN+)
You are resistant to electric shocks. (rElec)
You are resistant to unholy torment.
You are immune to petrification.


Message History

Your base attributes are Str 22, Int 9, Dex 9.
Increase (S)trength, (I)ntelligence, or (D)exterity?
You feel stronger. x2
You feel better. The orc wizard closely misses you.
The orc wizard hits you but does no damage.
You barely miss the orc priest.
The orc wizard casts a spell.
The orc wizard flickers and vanishes!
Deactivating autopickup; reactivate with Ctrl-A.
The orc wizard points at you and mumbles some strange words.
The puff of flame hits you!
* * * LOW HITPOINT WARNING * * *
You feel better. The orc priest barely misses you. The hound bites you.
* * * LOW HITPOINT WARNING * * *
Something hits you but does no damage. The orc wizard casts a spell at you.
You easily resist.
You block the orc priest's attack.
You feel very mighty all of a sudden. The hound barely misses you.
Something hits you.
* * * LOW HITPOINT WARNING * * *
The orc wizard casts a spell.
The orc wizard flickers and vanishes!
The orc priest invokes the aid of Beogh against you.
Pain shoots through your body!
* * * LOW HITPOINT WARNING * * *
The hound bites you but does no damage.
You feel better. The hound bites you.
* * * LOW HITPOINT WARNING * * *
Something hits you but does no damage. You block something's attack.
The orc priest closely misses you.
The orc priest hits you but does no damage.
Okay, then.
Unknown command.
You barely miss the orc priest. The hound bites you.
* * * LOW HITPOINT WARNING * * *
You block something's attack.
You hear some strange, mumbled words.
A puff of flame appears from out of thin air!
The puff of flame hits you!
You die...

#.#.#.........###.##
#.#.#.#.............#
####.#.#.#.$...........#
.........#.............#
.........#.............#
.........#......)......#
.........#.............#
.###.#<#.#.............#
.# #.#.#.#.....{@....$..
.###.#...#.....o{h.....#
................>......#
.###...................#
..# ######.##..........#
..# #.##..........#
..... # ##..........#
...... ...........#
.....# ............


You could see a hound and an orc priest.

Vanquished Creatures
  Prince Ribbit (D:6)
  Grinder (Sewer)
  Sigmund (D:2)
  A steam dragon (D:4)
  An orc warrior (D:6)
  A black bear (D:5)
  A phantom (Sewer)
  2 kobold brigands (Sewer)
  A scorpion (D:5)
  6 killer bees (D:5)
  2 orc priests (D:4)
  A sleepcap (D:4)
  2 orc wizards
  3 adders
  8 shadow imps
  2 ufetubi
  4 worms
  5 dart slugs
  11 orcs
  5 ball pythons
  2 endoplasms
  5 giant cockroaches
  14 goblins
  5 hobgoblins
  4 jackals (D:5)
  5 quokkas
  3 bats
  3 frilled lizards
  17 kobolds
  4 kobold zombies (Sewer)
  3 rats
124 creatures vanquished.

Notes
Turn   | Place    | Note
-------+----------+-------------------------------------------
     0 | D:1      | arthad the Gargoyle Fighter began the quest for the Orb.
     0 | D:1      | Reached XP level 1. HP: 14/14 MP: 1/1
   157 | D:1      | Reached XP level 2. HP: 12/19 MP: 2/2
   253 | D:1      | Got the Teachings on the Blasted Cwm
   664 | D:2      | Reached XP level 3. HP: 19/23 MP: 3/3
   878 | D:2      | You fall into a shaft and drop 1 floor!
  1010 | D:2      | Noticed Sigmund
  1031 | D:2      | HP: 1/24 [Sigmund/magic dart (9)]
  1177 | D:2      | Killed Sigmund
  1178 | D:2      | Reached skill level 3 in Maces & Flails
  1178 | D:2      | Reached XP level 4. HP: 27/30 MP: 4/4
  1178 | D:2      | Reached XP level 5. HP: 31/34 MP: 5/5
  1516 | D:3      | Reached XP level 6. HP: 33/39 MP: 6/6
  1701 | D:3      | Identified the +7 mace of Launif {speed, rCorr Stlth+}
  2517 | D:4      | Reached skill level 4 in Maces & Flails
  2620 | D:4      | Found a snail-covered altar of Cheibriados.
  2623 | D:4      | Noticed a steam dragon
  2632 | D:4      | Killed a steam dragon
  2633 | D:4      | Reached skill level 5 in Fighting
  2633 | D:4      | Reached skill level 5 in Armour
  2633 | D:4      | Reached skill level 5 in Shields
  2633 | D:4      | Reached XP level 7. HP: 19/44 MP: 7/7
  2809 | D:5      | Entered Level 5 of the Dungeon
  2888 | D:5      | Reached skill level 5 in Maces & Flails
  2916 | D:5      | Reached XP level 8. HP: 18/50 MP: 8/8
  3054 | D:5      | Found Sihoz's Assorted Antiques.
  3064 | D:5      | Bought a shiny cabochon ring for 145 gold pieces
  3064 | D:5      | Bought a scroll labelled WUOPEJ ANUO for 29 gold pieces
  3425 | D:6      | Found a glowing drain.
  3448 | Sewer    | Entered a sewer
  3584 | Sewer    | Found an ancient bone altar of Kikubaaqudgha.
  3645 | Sewer    | Reached skill level 6 in Maces & Flails
  3721 | Sewer    | Noticed Grinder
  3734 | Sewer    | Paralysed by Grinder for 2 turns
  3738 | Sewer    | Killed Grinder
  3932 | D:6      | Found Woschics's Antique Armour Shoppe.
  3962 | D:6      | Noticed Prince Ribbit
  3981 | D:6      | Killed Prince Ribbit
  4105 | D:6      | Reached skill level 7 in Maces & Flails
  4105 | D:6      | Reached XP level 9. HP: 13/56 MP: 9/9
  4110 | D:6      | Killed from afar by an orc wizard

Illustrated notes

Levels and vault maps discovered:
D:1:      matt_arrival_grand_opening, layout_basic
D:2:      layout_rooms, uniq_sigmund
D:3:      layout_basic, nicolae_wormholes
D:4:      layout_loops_ring, mainiacjoe_overflow_tiny_flanked
D:5:      layout_rooms, serial_shops, shop, grunt_ministairs_15
D:6:      layout_basic, gammafunk_ghost_grave, serial_shops, shop,
          portal_sewer_entry_f, uniq_prince_ribbit1

Skill      XL: |  1  2  3  4  5  6  7  8 |
---------------+-------------------------+-----
Fighting       | 4 5 6 |  6.5
Maces & Flails | 3 4 5 7 |  7.0
Armour         | 4 5 6 |  6.6
Shields        | 4 5 6 |  6.6

Action                     |  1- 3 |  4- 6 |  7- 9 || total
---------------------------+-------+-------+-------++-------
  Melee: Flail             |   100 |       |       ||   100
         Whip              |    16 |    36 |       ||    52
         Unarmed           |    10 |       |       ||    10
         Mace              |       |    45 |   212 ||   257
  Evoke: Wand              |       |       |     3 ||     3
    Use: Potion            |     1 |     1 |     4 ||     6
         Scroll            |       |       |     4 ||     4
   Stab: Sleeping          |       |       |     1 ||     1
 Armour: Scale mail        |    57 |    30 |       ||    87
         Steam dragon scal |       |       |   102 ||   102
  Dodge: Dodged            |    72 |    15 |   115 ||   202
  Block: Buckler           |    25 |    19 |    49 ||    93

Table legend: (Time is in decaauts)
 A = Elapsed time spent in this place.
 B = Non-inter-level travel time spent in this place.
 C = Inter-level travel time spent in this place.
 D = Time resting spent in this place.
 E = Time spent auto-exploring this place.
 F = Levels seen in this place.
 G = Mean time per level.
                   A        B        C        D        E       F      G
               +--------+--------+--------+--------+--------+-----+--------+
         Total |   4095 |   3962 |    133 |    204 |   2882 |   7 |  585.0 |
       Dungeon |   3695 |   3562 |    133 |    204 |   2652 |   6 |  615.8 |
         Sewer |    400 |    400 |      0 |      0 |    229 |   1 |  400.0 |
               +--------+--------+--------+--------+--------+-----+--------+

Top non-repeatable levels by time:
     D:3: 844 daAuts
     D:4: 754 daAuts
     D:1: 660 daAuts
     D:5: 591 daAuts
     D:2: 568 daAuts
   Sewer: 400 daAuts
     D:6: 276 daAuts
